 Dungeon Crawl Stone Soup version 0.19-a0-1908-g43c011f (webtiles) character file.

13956 Jorund the Cleaver (level 11, -1/77 HPs)
             Began as a Demonspawn Gladiator on Oct 22, 2016.
             Was a Priest of Okawaru.
             Slain by a salamander
             ... wielding a +0 glaive
              (2 damage)
             ... in a volcano.
             The game lasted 00:34:13 (14779 turns).

Jorund the Cleaver (Demonspawn Gladiator)          Turns: 14779, Time: 00:34:14

Health: -1/77      AC: 16    Str: 19    XL:     11   Next: 82%
Magic:  0/12       EV: 12    Int:  7    God:    Okawaru [***...]
Gold:   804        SH:  0    Dex: 14    Spells: 0 memorised, 10 levels left

rFire  + + .     SeeInvis .     a - +2 war axe
rCold  + + +     Gourm    .     y - +1 ring mail "Wibral" {rC+++ rN+++ Int-2}
rNeg   + + +     Faith    .     (no shield)
rPois  +         Spirit   +     c - +1 helmet
rElec  +         Reflect  .     J - +1 cloak
rCorr  +         Harm     .     K - +0 pair of gloves (curse)
MR     .....     Rnd*Rage +     (no boots)
Stlth  +.........               Q - amulet of guardian spirit
                                I - ring of protection from fire
                                r - ring of poison resistance

@: resistant
A: claws 2, yellow scales 1, berserk 1, blurry vision 1, powered by pain 1,
screaming 1, rot immunity
a: Heroism, Renounce Religion


You were in a volcano.
You worshipped Okawaru.
Okawaru was most pleased with you.
You were not hungry.

You visited 3 branches of the dungeon, and saw 14 of its levels.
You also visited: Volcano.

You collected 804 gold pieces.

Inventory:

Hand Weapons
 a - a +2 war axe (weapon)
 w - a +2 hand axe of freezing
Armour
 c - a +1 helmet (worn)
 g - a +2 shield
 y - the +1 ring mail "Wibral" (worn) {rC+++ rN+++ Int-2}
   (You found it on level 6 of the Dungeon)

   It affects your intelligence (-2).
   It renders you almost immune to cold.
   It renders you almost immune to negative energy.
 F - +0 fire dragon scales
 J - a +1 cloak (worn)
 K - a cursed +0 pair of gloves (worn)
Jewellery
 r - a ring of poison resistance (left hand)
 I - a ring of protection from fire (right hand)
 L - a +2 ring of evasion
 Q - an amulet of guardian spirit (around neck)
 R - an uncursed ring of ice
 S - a +5 ring of strength
Wands
 d - a wand of slowing (16/48)
 n - a wand of slowing (31/48)
 z - a wand of polymorph (10/24)
 B - a wand of lightning (6/15)
 O - a wand of acid (9/15)
Scrolls
 e - 5 scrolls of remove curse
 j - 3 scrolls of enchant weapon
 m - 4 scrolls of enchant armour
 s - 4 scrolls of identify
 u - 2 scrolls of blinking
 G - 2 scrolls of fog
Potions
 o - a potion of mutation
 p - a potion of cancellation
 t - 3 potions of magic
 v - a potion of brilliance
 D - a potion of haste
 E - a potion of flight
Books
 b - a book of Minor Magic

   Spells                             Type                      Level
   a - Magic Dart                     Conjuration                  1
   b - Blink                          Translocation                2
   c - Call Imp                       Summoning                    2
   d - Repel Missiles                 Charms/Air                   2
   e - Slow                           Hexes                        2
   f - Conjure Flame                  Conjuration/Fire             3
   g - Mephitic Cloud                 Conjuration/Poison/Air       3
 U - a book of Ice

   Spells                             Type                      Level
   a - Ice Form                       Ice/Transmutation            4
   b - Metabolic Englaciation         Hexes/Ice                    5
   c - Ozocubu's Refrigeration        Ice                          6
   d - Bolt of Cold                   Conjuration/Ice              6
   e - Freezing Cloud                 Conjuration/Ice/Air          6
   f - Simulacrum                     Ice/Necromancy               6
Comestibles
 f - 6 bread rations
 h - a royal jelly
 i - 9 meat rations
 x - 9 slices of pizza
 C - 3 beef jerkies
 H - 10 fruits


   Skills:
 + Level 4.2 Fighting
 + Level 14.6 Axes
 - Level 1.7 Throwing
 + Level 8.4 Armour
 - Level 2.6 Dodging
 - Level 1.4 Evocations


You had 10 spell levels left.
You didn't know any spells.

Dungeon Overview and Level Annotations

Branches:
Dungeon (10/15)            Temple (1/1) D:5            Lair (3/6) D:8
    Orc (0/2) D:10
  Swamp: Lair:2-4    Shoals: Lair:2-4     Snake: Lair:2-4    Spider: Lair:2-4

Altars:
Ashenzari
Cheibriados
Dithmenos
Elyvilon
Fedhas
Gozag
Hepliaklqana
Kikubaaqudgha
Makhleb
Nemelex Xobeh
Okawaru
Qazlal
Ru
Sif Muna
Trog
Uskayaw
Vehumet
Xom
Yredelemnul
Zin
The Shining One

Shops:
D:8 %   D:10 ?

Annotations:
D:6 Leibowitz's ghost, novice DgFi
D:10 2 runed doors


Innate Abilities, Weirdness & Mutations

You have very sharp fingernails.
You are partially covered in yellow scales. (AC +2)
You sometimes gain a little power by taking damage.
You are immune to rotting.
You tend to lose your temper in combat.
Scrolls take you a little longer to read.
You occasionally shout uncontrollably at your foes.


Message History

* * * LOW HITPOINT WARNING * * *
You are engulfed in flames.
You resist.
* * * LOW HITPOINT WARNING * * *
The salamander hits you from afar with a halberd.
* * * LOW HITPOINT WARNING * * *
You are engulfed in flames.
You resist.
* * * LOW HITPOINT WARNING * * *
Okay, then.
Evoke which item? (* to show all) (? for menu, Esc to quit)
Okay, then.
You slice the salamander!!
The salamander is heavily wounded.
You hit the salamander.
Unknown command.
You barely miss the salamander.
The salamander is heavily wounded.
You slash the salamander! The salamander hits you with a glaive.
* * * LOW HITPOINT WARNING * * *
You are engulfed in flames.
You resist.
You die...

#..d..#...#≈≈≈ ≈#..
#######...#≈≈≈ §#..
+![.[!+...#§≈≈
§#...#..≈..#...#§≈≈
#...#8≈≈≈8#...#
#..'..≈..(..#
#..'...N.'..#
§##.#8.N.8#.##≈
≈≈###.@N..###≈§
#§≈§≈≈.....≈§§≈§§#
##§§§§8...8≈§§≈≈§#
###§≈.....≈≈≈≈≈##
#≈≈.....≈≈≈###
##§8...8≈≈≈#
##.....#### #.....#
#8...8#


You could see 3 salamanders.

Vanquished Creatures
  A fire dragon (D:10)
  A salamander mystic (Volcano)
  Pikel (D:7)
  2 hill giants (D:9)
  An ugly thing (D:8)
  A cyclops (D:10)
  Psyche (D:8)
  A komodo dragon (Lair:2)
  3 spiny frogs
  A rime drake (Lair:3)
  2 blink frogs (Lair:2)
  A hornet (D:9)
  3 hippogriffs
  3 wyverns
  Eustachio (D:6)
  2 yaks
  A fire elemental (Lair:2)
  A human (D:7)
  4 hogs (D:7)
  A hungry ghost (D:9)
  Edmund (D:6)
  3 water moccasins
  6 porcupines
  3 orc warriors
  2 black bears
  An ice beast (D:8)
  5 necrophages
  3 sky beasts
  A phantom (D:8)
  5 ogres
  3 centaurs
  7 crocodiles
  9 bullfrogs
  A wyvern zombie (D:8)
  2 scorpions
  5 wights (D:7)
  4 howler monkeys
  A lava snake (Lair:2)
  2 centaur zombies (D:7)
  3 crimson imps
  2 quasits
  6 hounds
  A bullfrog zombie (D:10)
  5 orc priests
  A centaur skeleton (D:7)
  4 iguanas
  2 jellies
  3 orc wizards
  Ijyb (D:2)
  7 worker ants
  A hound skeleton (D:10)
  A hound zombie (D:6)
  A worker ant zombie (D:8)
  A howler monkey skeleton (D:4)
  10 adders
  4 gnolls (D:5)
  A river rat (D:8)
  3 shadow imps
  2 oozes
  An adder skeleton (D:4)
  2 adder zombies
  4 worms
  2 dart slugs
  5 leopard geckos
  23 orcs
  20 bats
  8 giant cockroaches
  9 goblins
  9 hobgoblins
  14 jackals
  6 kobolds
  4 quokkas
  A ball python (D:2)
  A frilled lizard (D:3)
  17 rats
  2 fungi (D:8)
283 creatures vanquished.

Vanquished Creatures (others)
  A river rat (D:8)
  An orc (D:8)
  A ball python (D:8)
  A hobgoblin (D:8)
  A quokka (D:5)
  8 fungi
  A plant (Lair:2)
14 creatures vanquished.

Grand Total: 297 creatures vanquished

Notes
Turn   | Place    | Note
-------+----------+-------------------------------------------
     0 | D:1      | Jorund the Demonspawn Gladiator began the quest for the Orb.
     0 | D:1      | Reached XP level 1. HP: 16/16 MP: 1/1
   182 | D:1      | Reached skill level 3 in Axes
   331 | D:1      | Gained mutation: You have sharp fingernails. [demonic ancestry]
   331 | D:1      | Reached XP level 2. HP: 13/22 MP: 2/2
   996 | D:1      | Gained mutation: You sometimes gain a little power by taking damage. [demonic ancestry]
   996 | D:1      | Reached XP level 3. HP: 27/27 MP: 3/3
  1379 | D:2      | Reached skill level 4 in Axes
  1379 | D:2      | Reached skill level 1 in Armour
  1428 | D:2      | Noticed Ijyb
  1444 | D:2      | Killed Ijyb
  1444 | D:2      | Reached XP level 4. HP: 13/33 MP: 4/4
  1690 | D:2      | Found a shattered altar of Ashenzari.
  2243 | D:3      | Found a shadowy altar of Dithmenos.
  2423 | D:3      | Found a hazy altar of Hepliaklqana.
  2685 | D:3      | Reached skill level 5 in Axes
  2685 | D:3      | Reached XP level 5. HP: 38/38 MP: 5/5
  2978 | D:3      | Found a snail-covered altar of Cheibriados.
  2978 | D:3      | Found a deep blue altar of Sif Muna.
  3089 | D:3      | Found a blossoming altar of Fedhas.
  3259 | D:4      | Noticed an ogre
  3376 | D:4      | Found a burning altar of Makhleb.
  3475 | D:4      | Found an opulent altar of Gozag.
  3757 | D:4      | Found a burning altar of Makhleb.
  4278 | D:5      | Entered Level 5 of the Dungeon
  4299 | D:4      | Gained mutation: You have very sharp fingernails. [demonic ancestry]
  4299 | D:4      | Reached XP level 6. HP: 37/44 MP: 6/6
  4652 | D:5      | Reached skill level 6 in Axes
  5123 | D:5      | Found a white marble altar of Elyvilon.
  5240 | D:5      | Reached XP level 7. HP: 45/50 MP: 7/7
  5385 | D:5      | Found a staircase to the Ecumenical Temple.
  5404 | Temple   | Entered the Ecumenical Temple
  5882 | D:6      | Got a scorched ring mail
  5894 | D:6      | Identified the +1 ring mail "Wibral" {rC+++ rN+++ Int-2} (You found it on level 6 of the Dungeon)
  6050 | D:6      | Reached skill level 7 in Axes
  6067 | D:6      | Noticed Leibowitz's ghost (novice DgFi)
  6374 | D:6      | Gained mutation: You are partially covered in yellow scales. (AC +2) [demonic ancestry]
  6374 | D:6      | Reached XP level 8. HP: 37/56 MP: 8/8
  6395 | D:6      | Noticed Eustachio
  6434 | D:6      | Killed Eustachio
  6434 | D:6      | Reached skill level 8 in Axes
  6518 | D:6      | Noticed Edmund
  6553 | D:6      | Killed Edmund
  6556 | D:6      | Reached skill level 5 in Armour
  6640 | D:6      | Found a radiant altar of Vehumet.
  6910 | D:6      | Reached skill level 9 in Axes
  7609 | D:7      | Gained mutation: You are immune to rotting. [demonic ancestry]
  7609 | D:7      | Reached XP level 9. HP: 55/61 MP: 9/9
  7624 | D:7      | Reached skill level 10 in Axes
  7630 | D:7      | Reached skill level 1 in Evocations
  8253 | D:8      | Noticed Pikel
  8274 | D:7      | Killed Pikel
  8274 | D:7      | Reached skill level 11 in Axes
  8285 | D:8      | Gained mutation: You tend to lose your temper in combat. [potion of mutation]
  8285 | D:8      | Gained mutation: Scrolls take you a little longer to read. [potion of mutation]
  8285 | D:8      | Gained mutation: You occasionally shout uncontrollably at your foes. [potion of mutation]
  8297 | D:8      | Noticed Psyche
  8310 | D:8      | Killed Psyche
  8342 | D:8      | Reached XP level 10. HP: 39/67 MP: 10/10
  8368 | D:8      | Found Boquotog's Food Emporium.
  8436 | D:8      | Found a staircase to the Lair.
  8540 | D:8      | Found an ancient bone altar of Kikubaaqudgha.
  8692 | D:8      | Noticed a purple ugly thing
  8715 | D:8      | Killed a purple ugly thing
  8721 | D:8      | Reached skill level 12 in Axes
 10332 | D:9      | Found an iron altar of Okawaru.
 10351 | D:9      | Became a worshipper of Warmaster Okawaru
 10608 | D:9      | Reached skill level 13 in Axes
 10764 | D:9      | Noticed a hill giant
 10773 | D:9      | Killed a hill giant
 10872 | D:9      | Reached * piety under Okawaru
 11107 | D:9      | Noticed a hill giant
 11113 | D:9      | Killed a hill giant
 11113 | D:9      | Reached XP level 11. HP: 72/72 MP: 11/11
 11162 | D:10     | Entered Level 10 of the Dungeon
 11338 | D:10     | Found a runed door.
 11339 | D:10     | Noticed an ice dragon
 11341 | D:10     | Noticed an ice dragon
 11341 | D:10     | Noticed a fire dragon
 11361 | D:10     | Found a runed door.
 11407 | D:10     | Noticed a fire dragon
 11519 | D:10     | Killed a fire dragon
 11943 | D:10     | Found Anaumur's Magic Scroll Emporium.
 11948 | D:10     | Found a staircase to the Orcish Mines.
 12147 | Lair:1   | Entered Level 1 of the Lair of Beasts
 12202 | Lair:1   | Reached ** piety under Okawaru
 12427 | Lair:1   | Noticed a five-headed hydra
 12504 | Lair:2   | Found a white marble altar of Elyvilon.
 12542 | Lair:2   | Reached skill level 14 in Axes
 12843 | Lair:2   | Noticed a six-headed hydra
 13655 | Lair:1   | Noticed a five-headed hydra
 13701 | Lair:2   | Reached *** piety under Okawaru
 14089 | Lair:2   | Noticed a five-headed hydra
 14099 | Lair:2   | Noticed a lindwurm
 14517 | Lair:3   | Found a dark tunnel.
 14526 | Volcano  | Entered a volcano
 14748 | Volcano  | Noticed a salamander mystic
 14759 | Volcano  | Killed a salamander mystic
 14762 | Volcano  | Found a burning altar of Makhleb.
 14763 | Volcano  | Noticed a red draconian
 14779 | Volcano  | HP: 1/77 [salamander/glaive (4)]
 14779 | Volcano  | Slain by a salamander

Vault maps used:
D:1:      scummos_arrival_star
D:2:      ashenzari_altar_1, uniq_iyjb
D:3:      grunt_dithmenos_smoke_and_mirrors, nicolae_overflow_crystal_walls,
          gammafunk_temple_overflow_elements, fedhas_altar_4, first_bread,
          serial_bayou_crossing
D:4:      lightli_temple_of_fire, kennysheep_diamond, minivault_25,
          nicolae_gozag_cash_rules_everything_around_me
D:5:      elyvilon_altar_4
D:6:      basic_altar, uniq_eustachio, uniq_edmund
D:7:      minmay_statues_item, grunt_livestock
D:8:      kennysheep_windowed_halls, kiku_gazebo_pond_becter,
          grunt_lair_entry_orc_guard_hut, serial_shops, kennysheep_mini_moat,
          corexii_checkpoint_a, uniq_pikel, uniq_psyche
D:9:      okawaru_metal_pillars_1_2
D:10:     orc_0_dummy, serial_shops, nicolae_shop_competitors_out_of_business,
          minmay_variable_closet, minmay_guarded_unrand_resistance
Temple:   dpeg_chambers_temple
Lair:1:   grunt_megastairs_1
Lair:2:   minmay_swamp_entry_worms, basic_altar, infiniplex_staircase_pool_2
Lair:3:   lightli_volcano_entry_magma_tube, roderic_carrion_pond,
          grunt_megastairs_3, serial_bayou_shore_a, lemuel_fruit_tree
Volcano:  kennysheep_volcano_temple

Skill      XL: |  1  2  3  4  5  6  7  8  9 10 11 |
---------------+----------------------------------+-----
Axes           | 3 4 5 6 7 9 11 13 14 | 14.6
Armour         | 1 2 4 5 6 7 8 |  8.4
Evocations     | 1 |  1.4
Fighting       | 4 |  4.2
Throwing       | |  1.7
Dodging        | |  2.6

Action                   |  1- 3 |  4- 6 |  7- 9 | 10-12 || total
-------------------------+-------+-------+-------+-------++-------
Melee: War axe           |   115 |   213 |   382 |   513 ||  1223
       Hand axe          |       |     3 |       |       ||     3
Throw: Throwing net      |       |     4 |       |       ||     4
Evoke: Wand              |       |       |     5 |    11 ||    16
       Phantom mirror    |       |       |       |     1 ||     1
  Use: Scroll            |     1 |    12 |    10 |     6 ||    29
       Potion            |     1 |       |     4 |    13 ||    18
 Stab: Held in net/web   |       |     3 |       |       ||     3
       Sleeping          |       |       |     1 |     1 ||     2
       Invisible         |       |       |       |     2 ||     2
  Eat: Chunk             |     2 |     8 |     7 |    21 ||    38
       Beef jerky        |       |     2 |       |       ||     2
       Bread ration      |       |       |     1 |     1 ||     2
Armor: Leather armour    |    59 |     4 |       |       ||    63
       Scale mail        |       |    80 |    28 |       ||   108
       Ring mail         |       |       |   172 |   191 ||   363
Dodge: Dodged            |   108 |   120 |   299 |   260 ||   787
